 Dungeon Crawl Stone Soup version 0.16-a0-910-g739c61c (webtiles) character file.

42 Ratboiler the Firebug (level 3, 0/14 HPs)
             Began as a Felid Fire Elementalist on Sept 29, 2014.
             Slain by a jackal (2 damage)
             ... on Level 2 of the Dungeon.
             The game lasted 00:08:37 (1887 turns).

Ratboiler the Firebug (Felid Fire Elementalist)     Turns: 1887, Time: 00:08:37

HP   0/14        AC  1     Str  4      XL: 3   Next: 35%
MP   0/8         EV 18     Int 17      God:
Gold 106         SH  0     Dex 16      Spells:  3 memorised,  0 levels left
Lives: 0, deaths: 0

rFire  . . .     SeeInvis +     (weapon unavailable)
rCold  . . .     Clarity  .     (armour unavailable)
rNeg   . . .     rCorr    .     (shield unavailable)
rPois  .         rRot     .     (helmet unavailable)
rElec  .         Spirit   .     (cloak unavailable)
SustAb .         Warding  .     (gloves unavailable)
rMut   .         Stasis   .     (boots unavailable)
Gourm  .                        (no amulet)
MR     .....                    (no ring)
                                (no ring)

@: very slightly contaminated, quick, not resistant to hostile enchantments,
fairly stealthy
A: paw claws, no armour, no weapons or thrown items, fangs 3, see invisible,
carnivore 3, speed 1, shaggy fur 1, slow metabolism 1, jump 1
a: Jump Attack


You were on level 2 of the Dungeon.
You were completely stuffed.

You visited 1 branch of the dungeon, and saw 2 of its levels.

You collected 106 gold pieces.

Inventory:

Comestibles
 c - 3 meat rations
 f - a slice of pizza
 h - a chunk of jackal flesh
Scrolls
 a - a scroll of random uselessness {unknown}
 e - 3 scrolls of identify {unknown}
Potions
 d - 2 potions of resistance {unknown}
 g - a potion of degeneration {unknown}
Books
 b - a book of Flames

   Spells                             Type                      Level
   *Flame Tongue                      Conjuration/Fire             1
   *Throw Flame                       Conjuration/Fire             2
   *Conjure Flame                     Conjuration/Fire             3
   Inner Flame                        Hexes/Fire                   3
   Sticky Flame                       Conjuration/Fire             4
   Fireball                           Conjuration/Fire             5


   Skills:
 - Level 2.6 Dodging
 - Level 2.6 Stealth
 - Level 2.0 Spellcasting
 * Level 2.4 Conjurations
 + Level 3.2 Fire Magic


You couldn't memorise any spells.
You knew the following spells:

 Your Spells              Type           Power        Failure   Level  Hunger
a - Flame Tongue          Conj/Fire      ##...        10%         1    #......
b - Throw Flame           Conj/Fire      ##....       12%         2    ###....
c - Conjure Flame         Conj/Fire      ##......     21%         3    ####...


Dungeon Overview and Level Annotations

Branches:
Dungeon (2/15)

Altars:


Innate Abilities, Weirdness & Mutations

You cannot wear armour.
You are incapable of wielding weapons or throwing items.
Your paws have sharp claws.
You have razor-sharp teeth.
You have supernaturally acute eyesight.
You are carnivorous and can eat meat at any time.
You cover ground quickly.
You are covered in fur (AC +1).
You have a slow metabolism.
You can jump attack at a short distance.


Message History

Casting: Flame Tongue
Confirm with . or Enter, or press ? or * to list all spells.
Aiming: Flame Tongue
Press: ? - help, Shift-Dir - straight line, f/p - jackal
Aim: a jackal (severely wounded)
The flame tongue hits the jackal.
The jackal appears unharmed.
The jackal is severely wounded.
The jackal closely misses you. The jackal completely misses you.
There is a stone staircase leading up here.
Found a stone staircase leading down.
Casting: Flame Tongue
Confirm with . or Enter, or press ? or * to list all spells.
Aiming: Flame Tongue
Press: ? - help, Shift-Dir - straight line, f/p - jackal
Aim: a jackal (severely wounded)
You miscast Flame Tongue.
You are very lightly contaminated with residual magic.
Nothing appears to happen.
The jackal bites you.
You die...

#.# . ## #.# ... .. #.#
.. #. #.#.. #. ###.#.
#.### #.... #.####...
#.#.#
##..!....####.#.##+####
>.......@h<...........###
.........................
##.####.#.........##.###
...#########....... #####
#)...... #.......
#....... #######.......
#.............


You could see a jackal.

Vanquished Creatures
  A worm (D:2)
  A giant gecko (D:2)
  2 giant cockroaches (D:1)
  6 goblins
  2 hobgoblins (D:1)
  A ball python (D:1)
  3 bats
  2 giant newts (D:1)
  7 jackals
  4 kobolds
  4 rats
33 creatures vanquished.

Notes
Turn   | Place    | Note
--------------------------------------------------------------
     0 | D:1      | Ratboiler, the Felid Fire Elementalist, began the quest for the Orb.
     0 | D:1      | Reached XP level 1. HP: 7/7 MP: 4/4
     2 | D:1      | Learned a level 1 spell: Flame Tongue
   108 | D:1      | Reached skill level 1 in Conjurations
   356 | D:1      | Reached skill level 3 in Fire Magic
   406 | D:1      | Reached XP level 2. HP: 11/11 MP: 3/5
   410 | D:1      | Learned a level 2 spell: Throw Flame
  1546 | D:2      | Reached XP level 3. HP: 14/14 MP: 1/8
  1659 | D:1      | Learned a level 3 spell: Conjure Flame
  1887 | D:2      | Slain by a jackal

Action                   || total
-------------------------++-------
Melee: Unarmed           ||    28
 Cast: Flame Tongue      ||    66
       Throw Flame       ||     3
 Stab: Sleeping          ||     2
  Eat: Chunk             ||    10
